 Dungeon Crawl Stone Soup version 0.28-a0-519-gbfeecf2fc5 (webtiles) character file.

Game seed: 9678624806820179855

3119 demibob the Carver (level 9, -3/67 HPs)
             Began as a Demonspawn Chaos Knight on Sept 23, 2021.
             Was a Plaything of Xom.
             Slain by Gastronok (32 damage)
             ... on level 8 of the Dungeon.
             The game lasted 00:21:01 (7090 turns).

demibob the Carver (Demonspawn Chaos Knight)        Turns: 7090, Time: 00:21:02

Health: -3/67      AC:  3    Str: 10    XL:     9   Next: 60%
Magic:  9/9        EV: 16    Int: 15    God:    Xom [.*....]
Gold:   338        SH:  0    Dex: 15    Spells: 8/8 levels left

rFire   . . .      SeeInvis .   a - +0 falchion (chaos)
rCold   . . .      Faith    .   (no shield)
rNeg    . . .      Spirit   .   (no armour)
rPois   .          Reflect  .   (helmet restricted)
rElec   .          Harm     .   (no cloak)
rCorr   .          Rampage  .   (no gloves)
Will    +....                   (no boots)
Stlth   +.........              f - amulet of regeneration
HPRegen 1.21/turn               Y - +4 ring of slaying
MPRegen 0.22/turn               W - ring of willpower

@: agile, studying Fighting
A: horns 1, yellow scales 2, powered by pain 1, magic regeneration, claws 1,
fangs 1, agile 1, frail 1, screaming 1, weak 2
a: Renounce Religion


You were on level 8 of the Dungeon.
You worshipped Xom.
You were a plaything of Xom.
You visited 1 branch of the dungeon, and saw 8 of its levels.
You also visited: Sewer.

You collected 442 gold pieces.
You spent 104 gold pieces at shops.


Innate Abilities, Weirdness & Mutations

You have a pair of small horns on your head.
You are mostly covered in yellow scales. (AC +3)
You sometimes gain a little power by taking damage.
You regenerate magic rapidly.
You have sharp fingernails.
You have very sharp teeth.
You are agile. (Dex +2)
You are frail. (-10% HP)
You occasionally shout uncontrollably at your foes.
You are very weak. (Str -4)


   Skills:
 + Level 8.7 Fighting
 + Level 11.5 Long Blades
 - Level 1.7 Armour
 - Level 0.8 Dodging


You had 8 spell levels left.
You didn't know any spells.
Your spell library was empty.

Inventory:

Hand Weapons
 a - a +0 falchion of chaos (weapon)
 i - a +0 short sword of venom
 m - a +2 war axe of flaming
Armour
 b - a +2 leather armour
 n - a +3 leather armour of positive energy
Jewellery
 f - an amulet of regeneration (around neck)
 I - a +6 ring of intelligence
 W - a ring of willpower (right claw)
 Y - a +4 ring of slaying (left claw)
 Z - a ring of wizardry
Wands
 d - a wand of iceblast (7)
 h - a wand of acid (10)
Scrolls
 e - a scroll of amnesia
Potions
 c - 5 potions of curing {@q1}
 g - a potion of brilliance
 j - a potion of haste {@q3}
 k - 2 potions of lignification
 l - a potion of invisibility
 o - a potion of heal wounds {@q2}

Dungeon Overview and Level Annotations

Branches:
Dungeon (8/15)             Temple (0/1) D:7           Sewer (visited)
   Lair: D:8-11

Altars:
Dithmenos
Elyvilon
Gozag
Kikubaaqudgha
Ru
Sif Muna
Zin

Shops:
D:1 ?::!   D:2 [!?[!   D:6 =

Annotations:
D:8 Gastronok

### ..#
#.##########
#.#..(......
#.#.########
####.#.###########
.......#...<.....#
####.###.#######.#
##.# #.# #@# #..#
#.# #w# #.## #.#
#.# #.# #.# #.#
#.# #.# #.# #.#
#.# #.# #.# #.#
#.# #.####.# #.#
#......#


You could see Gastronok (corroded, drained).


Message History

Gastronok seems to be corroded for longer.
Gastronok is moderately wounded.
Aiming: Corrosive Bolt
Press: ? - help, Shift-Dir - straight line, f/p - Gastronok
Aim: Gastronok, wearing a +2 hat of willpower (moderately wounded, covered in acid, 100% to hit)
The bolt of acid hits Gastronok!
Gastronok seems to be corroded for longer.
Gastronok is heavily wounded.
Gastronok casts a spell at you. You resist with significant effort.
Gastronok bites you!!
* * * LOW HITPOINT WARNING * * *
Items here: ))) [[ ††.
You slash Gastronok! You drain Gastronok. Your bite misses Gastronok.
Gastronok is heavily wounded.
You hit Gastronok. You freeze Gastronok. You headbutt Gastronok.
You bite Gastronok.
Gastronok is heavily wounded.
You hit Gastronok.
Gastronok resists with almost no effort.
Gastronok is severely wounded.
Gastronok looks at you and mumbles some strange words.
You resist with significant effort.
You hit Gastronok. You drain Gastronok.
Gastronok is severely wounded.
You hit Gastronok.
You feel better.
Gastronok is severely wounded.
Gastronok bites you!!
You die...
Xom is highly amused!

Skill      XL: |  1  2  3  4  5  6  7  8  9 |
---------------+----------------------------+-----
Long Blades    | 3 4 5 6 7 9 10 11 | 11.5
Fighting       | 5 8 |  8.7
Armour         | |  1.7
Dodging        | |  0.8

Action                   |  1- 3 |  4- 6 |  7- 9 || total
-------------------------+-------+-------+-------++-------
Melee: Falchion          |    76 |   170 |   301 ||   547
       Headbutt          |     5 |    14 |    49 ||    68
       Bite              |       |       |    18 ||    18
Evoke: Wand              |       |       |     6 ||     6
  Use: Scroll            |     6 |     3 |     7 ||    16
       Potion            |       |     1 |    12 ||    13
 Stab: Paralysed         |       |     4 |     1 ||     5
       Sleeping          |       |     1 |       ||     1
       Confused          |       |       |     6 ||     6
       Invisible         |       |       |     1 ||     1
Armor: Leather armour    |    37 |    79 |   115 ||   231
       Skin              |       |       |     5 ||     5
Dodge: Dodged            |    40 |   133 |   179 ||   352

Levels and vault maps discovered:
D:1:      mrwooster_arrival_statue_2, layout_basic, serial_shops,
          shop_fountains, shop, shop, nicolae_shop_stone
D:2:      layout_basic, shapermc_ecumenical_altar_mp_urbaneastern, serial_shops,
          shop_fountains, shop, nicolae_shop_crystal, shop, shop, basic_altar
D:3:      layout_rooms, mainiacjoe_overflow_six_doors_small, minmay_vboxes,
          uniq_robin
D:4:      minmay_diamond_boxcup, layout_loops_ring,
          nicolae_elyvilon_peaceful_grove, nicolae_ru_great_annihilating_truth,
          corexii_leaking_fountain, chequers_serial_rivers_micro_d,
          kennysheep_generic_room_2
D:5:      layout_layer_cave, marbit_many_paths, kiku_gazebo_garden_becter,
          nicolae_dithmenos_shadow_blocks, cheibrodos_sewer_entry_sluice
D:6:      layout_loops_cross, serial_shops, nicolae_diamond_shop
D:7:      layout_gridville, mainiacjoe_overflow_alcove_1,
          minmay_temple_entry_mini_moons, grunt_tough_drop
D:8:      layout_loops_ring, uniq_gastronok, uniq_harold, uniq_erica

Notes
Turn   | Place    | Note
-------+----------+-------------------------------------------
     0 | D:1      | demibob the Demonspawn Chaos Knight began the quest for the
                  | Orb.
     0 | D:1      | Reached XP level 1. HP: 18/18 MP: 1/1
     5 | D:1      | >>okay
     5 | D:1      | >>lol
     7 | D:1      | Found Tapeci's Book Boutique.
    31 | D:1      | Found Wacuown's Magic Scroll Shoppe.
   122 | D:1      | XOM: divination: detect creatures
   142 | D:1      | Reached skill level 3 in Long Blades
   283 | D:1      | XOM: silly message
   333 | D:1      | Found Hifis's Book Shop.
   341 | D:1      | Gained mutation: You have a pair of small horns on your
                  | head. [demonic ancestry]
   341 | D:1      | Reached XP level 2. HP: 24/24 MP: 2/2
   414 | D:1      | Found Qegep's Distillery.
  1054 | D:2      | XOM: divination: detect items
  1069 | D:2      | Found Niubleog's Antique Armour Shoppe.
  1121 | D:2      | Found Lefemmor's Magic Scroll Emporium.
  1131 | D:2      | XOM: potion effect (haste)
  1137 | D:2      | Reached XP level 3. HP: 7/29 MP: 3/3
  1177 | D:2      | Reached skill level 4 in Long Blades
  1240 | D:2      | Found Miveec's Distillery.
  1470 | D:2      | Found Juzxati's Distillery.
  1543 | D:2      | Found Cokhay's Antique Armour Boutique.
  1745 | D:2      | Found a faded altar of an unknown god.
  1759 | D:2      | XOM: divination: magic mapping
  1793 | D:2      | XOM: noise
  1871 | D:3      | Noticed Robin
  1989 | D:3      | Gained mutation: You are partially covered in yellow
                  | scales. (AC +2) [demonic ancestry]
  1989 | D:3      | Reached XP level 4. HP: 35/35 MP: 4/4
  2037 | D:3      | Killed Robin
  2044 | D:3      | Reached skill level 5 in Long Blades
  2071 | D:3      | Identified a potion of resistance
  2188 | D:3      | XOM: divination: detect items
  2257 | D:3      | XOM: give mutations
  2257 | D:3      | Gained mutation: You are dopey. (Int -2) [Xom's mischief]
  2257 | D:3      | Gained mutation: You are frail. (-10% HP) [Xom's mischief]
  2257 | D:3      | Gained mutation: You are very frail. (-20% HP) [Xom's
                  | mischief]
  2257 | D:3      | Gained mutation: You are weak. (Str -2) [Xom's mischief]
  2258 | D:3      | >>wow
  2468 | D:3      | Reached XP level 5. HP: 32/32 MP: 5/5
  2588 | D:4      | XOM: enchant monster (good)
  2635 | D:4      | XOM: silly message
  2843 | D:4      | Noticed an ogre
  2855 | D:4      | XOM: summons 5 friendly demons
  2861 | D:4      | Reached skill level 6 in Long Blades
  2866 | D:4      | Killed an ogre
  2867 | D:4      | Reached XP level 6. HP: 34/37 MP: 6/6
  2930 | D:4      | Found a sacrificial altar of Ru.
  2932 | D:4      | XOM: summons friendly iron imp
  2938 | D:4      | XOM: chaos upgrade
  3038 | D:4      | XOM: god gift: glowing war axe {god gift}
  3166 | D:4      | XOM: divination: detect creatures
  3325 | D:5      | Entered Level 5 of the Dungeon
  3449 | D:5      | Reached skill level 7 in Long Blades
  3454 | D:5      | Found an ancient bone altar of Kikubaaqudgha.
  3524 | D:5      | Found a glowing drain.
  3538 | Sewer    | Entered a sewer
  3703 | Sewer    | XOM: noise
  3761 | Sewer    | Gained mutation: You sometimes gain a little power by
                  | taking damage. [demonic ancestry]
  3761 | Sewer    | Reached XP level 7. HP: 41/41 MP: 7/7
  3761 | Sewer    | XOM: silly message
  3802 | Sewer    | XOM: divination: magic mapping
  3825 | Sewer    | Found an ancient bone altar of Kikubaaqudgha.
  3841 | Sewer    | Reached skill level 8 in Long Blades
  3897 | Sewer    | Noticed Grinder
  3910 | Sewer    | Paralysed by Grinder for 3 turns
  3915 | Sewer    | Killed Grinder
  4075 | D:5      | Reached skill level 9 in Long Blades
  4075 | D:5      | Gained mutation: You regenerate magic rapidly. [demonic
                  | ancestry]
  4075 | D:5      | Reached XP level 8. HP: 46/46 MP: 8/8
  4102 | D:5      | XOM: confuse monster(s)
  4474 | D:5      | Found a shadowy altar of Dithmenos.
  4521 | D:5      | XOM: 6-stop teleportation journey
  4632 | D:5      | Reached skill level 10 in Long Blades
  4765 | D:5      | XOM: confuse monster(s)
  4858 | D:5      | XOM: noise
  4920 | D:5      | Found an opulent altar of Gozag.
  4980 | D:5      | Identified the +2 robe of Dyspraxia {rF++}
  5144 | D:5      | Identified a scroll of acquirement
  5144 | D:5      | Acquired a manual of Fighting
  5254 | D:2      | Bought a potion of mutation for 104 gold pieces
  5254 | D:2      | Lost mutation: You are very frail. (-20% HP) [potion of
                  | mutation]
  5254 | D:2      | Lost mutation: You are dopey. (Int -2) [potion of mutation]
  5254 | D:2      | Gained mutation: You are very weak. (Str -4) [potion of
                  | mutation]
  5254 | D:2      | Gained mutation: You have sharp fingernails. [potion of
                  | mutation]
  5254 | D:2      | Gained mutation: You have very sharp teeth. [potion of
                  | mutation]
  5255 | D:2      | Lost mutation: You are frail. (-10% HP) [potion of
                  | mutation]
  5255 | D:2      | Gained mutation: You are agile. (Dex +2) [potion of
                  | mutation]
  5255 | D:2      | Gained mutation: You are frail. (-10% HP) [potion of
                  | mutation]
  5255 | D:2      | Gained mutation: You occasionally shout uncontrollably at
                  | your foes. [potion of mutation]
  5507 | D:6      | Found Lotuveru's Jewellery Shop.
  5513 | D:6      | XOM: butterfly on damage
  5524 | D:6      | Reached skill level 4 in Fighting
  5545 | D:6      | XOM: divination: detect creatures
  5669 | D:6      | Reached skill level 5 in Fighting
  5692 | D:6      | Gained mutation: You are mostly covered in yellow scales.
                  | (AC +3) [demonic ancestry]
  5692 | D:6      | Reached XP level 9. HP: 58/61 MP: 9/9
  6160 | D:7      | Found a shimmering blue altar of Sif Muna.
  6168 | D:7      | XOM: polymorph kobold -> frilled lizard
  6194 | D:7      | Found a staircase to the Ecumenical Temple.
  6347 | D:7      | XOM: scenery: summon butterflies
  6354 | D:7      | Reached skill level 6 in Fighting
  6356 | D:7      | Reached skill level 11 in Long Blades
  6357 | D:7      | XOM: summons 1 hostile demon
  6476 | D:7      | Reached skill level 7 in Fighting
  6849 | D:7      | Reached skill level 8 in Fighting
  6878 | D:7      | XOM: repel stairs
  7067 | D:8      | Noticed Gastronok
  7090 | D:8      | Slain by Gastronok

Vanquished Creatures
  Grinder (Sewer)
  2 hornet zombies
  4 black bears
  2 ice beasts (D:5)
  An orc warrior (D:7)
  2 ogres
  A necrophage (Sewer)
  A centaur (D:7)
  2 kobold brigands
  2 phantoms
  2 gnoll sergeants
  4 bullfrogs
  A water moccasin zombie (D:5)
  A scorpion (D:6)
  A wight (Sewer)
  A jelly (D:7)
  A bullfrog zombie (D:6)
  A centaur zombie (D:7)
  3 orc priests
  A bullfrog skeleton (D:7)
  2 centaur skeletons
  A hound (D:5)
  An iguana (D:7)
  3 orc wizards
  Robin (D:3)
  6 adders
  10 gnolls
  3 shadow imps (Sewer)
  A white imp (D:7)
  10 ufetubi
  An adder skeleton (D:4)
  2 worms (D:5)
  2 dart slugs (D:4)
  21 orcs
  10 ball pythons
  4 endoplasms
  2 giant cockroaches
  16 goblins
  12 hobgoblins
  4 jackals (D:3)
  23 kobolds
  5 quokkas
  6 bats
  10 frilled lizards
  4 rats
194 creatures vanquished.

Vanquished Creatures (collateral kills)
  An ogre (D:4)
  A gnoll (D:4)
  An orc (D:6)
3 creatures vanquished.

Grand Total: 197 creatures vanquished

Table legend: (Time is in decaauts)
 A = Elapsed time spent in this place.
 B = Non-inter-level travel time spent in this place.
 C = Inter-level travel time spent in this place.
 D = Time resting spent in this place.
 E = Time spent auto-exploring this place.
 F = Levels seen in this place.
 G = Mean time per level.
                   A        B        C        D        E       F      G
               +--------+--------+--------+--------+--------+-----+--------+
         Total |   6992 |   6572 |    420 |    414 |   4637 |   9 |  776.9 |
       Dungeon |   6481 |   6061 |    420 |    267 |   4496 |   8 |  810.1 |
         Sewer |    511 |    511 |      0 |    146 |    141 |   1 |  511.0 |
               +--------+--------+--------+--------+--------+-----+--------+

Top non-repeatable levels by time:
     D:5: 1301 daAuts
     D:1: 1036 daAuts
     D:2: 992 daAuts
     D:4: 806 daAuts
     D:6: 777 daAuts
     D:7: 760 daAuts
     D:3: 678 daAuts
   Sewer: 511 daAuts
     D:8: 127 daAuts

Table legend:
 A = Non-vault XP
 B = Vault XP
 C = Vault XP percentage of total XP
 D = Non-vault monster count
 E = Vault monster count
 F = Vault count percentage of total count
                 A         B        C        D         E       F
            +---------+---------+-------+---------+---------+-------
      Total |    2976 |    1481 |  33.2 |     120 |      79 |  39.7
            +---------+---------+-------+---------+---------+-------
        D:1 |      23 |       0 |   0.0 |      16 |       0 |   0.0
        D:2 |      58 |       4 |   6.5 |      12 |       2 |  14.3
        D:3 |      70 |      47 |  40.2 |      20 |      18 |  47.4
        D:4 |      53 |     242 |  82.0 |      15 |      15 |  50.0
        D:5 |     941 |     139 |  12.9 |      17 |       3 |  15.0
        D:6 |     602 |       0 |   0.0 |      19 |       0 |   0.0
        D:7 |    1149 |     377 |  24.7 |      18 |       6 |  25.0
        D:8 |      80 |       0 |   0.0 |       3 |       0 |   0.0
      Sewer |       0 |     672 | 100.0 |       0 |      35 | 100.0
            +---------+---------+-------+---------+---------+-------
